AoeStats
← raz_mary

Nomad

509941756Analyzed
2v2 RM · 4d ago on Sep 28, 2026· 48m 24s· 4 players
Game mode
Random Map
Map size
176×176
Population
200
Speed
Normal
Resources
Standard
Victory
Conquest
Starting age
Dark Age
Ending age
Imperial Age
RankedLock teamsTeams togetherTeam positionsShared explorationLock speedFull tech treeHidden civsTurbo modeCheats
Victory
Defeat
🇧🇴 Spanish · Bolivia
725
+16
🇦🇷 Varangians · Argentina
722
+16
🇫🇷 Romans · France
774
-18
🇮🇹 Khmer · Italy
663
-14
Ketchup
6:06 Loom
8:25 Loom
14:24 Feudal Age
15:04 Double-Bit Axe
15:43 Stone Mining
16:03 Horse Collar
23:03 Castle Age
22:38 Gold Mining
23:33 Wheelbarrow
28:27 Stone Shaft Mining
28:05 Bow Saw
27:58 Heavy Plow
29:54 Hand Cart
29:28 Town Watch
29:46 Light Cavalry
30:38 Bloodlines
30:30 Husbandry
35:16 Imperial Age
34:59 Ballistics
34:38 Murder Holes
34:43 Light Cavalry
36:02 Medium Warships
37:10 Chemistry
37:20 Conscription
39:37 Hussar
41:32 Forging
41:29 Scale Barding Armor
43:41 Iron Casting
ViejitaX
3:45 Loom
3:52 Loom
13:55 Feudal Age
16:11 Double-Bit Axe
23:20 Castle Age
21:43 Forging
22:54 Arson
23:16 Scale Mail Armor
26:55 Gold Mining
27:59 Horse Collar
30:37 Iron Casting
32:46 Chain Mail Armor
37:21 Imperial Age
35:21 Fletching
36:29 Squires
38:23 Conscription
40:50 Wheelbarrow
40:29 Bow Saw
42:53 Blast Furnace
42:24 Plate Mail Armor
41:51 Bodkin Arrow
43:38 Murder Holes
43:17 Elite Varangian Guard
44:24 Ballistics
43:54 Gothikon
44:55 Hand Cart
44:34 Stone Mining
raz_mary
14:14 Feudal Age
20:19 Castle Age
18:39 Gold Mining
18:45 Double-Bit Axe
19:12 Horse Collar
19:07 Man-at-Arms
21:17 Stone Mining
21:29 Loom
21:58 Squires
21:52 Fishing Lines
22:36 Town Watch
24:30 Pikeman
26:41 Gold Shaft Mining
26:44 Gillnets
29:07 Heavy Plow
37:37 Imperial Age
38:52 Wheelbarrow
40:09 Bow Saw
41:38 Hand Cart
41:27 Town Patrol
41:29 Elite Centurion
43:24 Ballistas
43:39 Heavy Scorpion
44:27 Scale Barding Armor
44:22 Scale Mail Armor
44:33 Forging
Giais
4:09 Loom
15:58 Feudal Age
16:41 Double-Bit Axe
16:41 Horse Collar
19:53 Wheelbarrow
20:35 Fishing Lines
23:42 Castle Age
26:21 Hand Cart
25:52 Town Watch
26:55 Stone Mining
26:56 Gold Mining
27:28 Bow Saw
30:09 Gillnets
30:31 Medium Warships
30:42 Pikeman
30:50 Light Cavalry
31:41 Bloodlines
31:57 Town Patrol
34:09 Tusk Swords
34:51 Gold Shaft Mining
34:25 Heavy Plow
37:36 Stone Shaft Mining
41:00 Imperial Age
40:39 Bloodlines
41:40 Elite Ballista Elephant
44:22 Conscription
46:25 Halberdier
46:41 Elite Ballista Elephant
48:43 Conscription
Connection lost

Rejoining the realm…

Still unreachable

The connection could not be restored.

Session expired

The server has moved on; the page needs a fresh start.